 Dungeon Crawl Stone Soup version 0.29-a0-206-g4a66f2e2b5 (webtiles) character file.

Game seed: 12971429806361282086

21206 esteth the Marksgargoyle (level 12, -24/71 HPs)
             Began as a Gargoyle Hunter on Feb 23, 2022.
             Was a Priest of Ru.
             Killed by an exploding elephant (50 damage)
             ... ignited by their inner flame
             ... on level 2 of the Lair of Beasts.
             The game lasted 00:26:12 (14843 turns).

esteth the Marksgargoyle (Gargoyle Hunter)         Turns: 14843, Time: 00:26:13

Health: -24/71     AC: 14    Str: 17    XL:     12   Next: 87%
Magic:  12/12      EV: 23    Int: 12    God:    Ru [***...]
Gold:   547        SH:  5    Dex: 12    Spells: 11/11 levels left

rFire   . . .      SeeInvis .   a - +2 shortbow (flame)
rCold   . . .      Faith    .   (shield currently unavailable)
rNeg    + . .      Spirit   .   q - +2 robe {Will+}
rPois   ∞          Reflect  +   (no helmet)
rElec   +          Harm     .   (no cloak)
rCorr   .          Rampage  .   (no gloves)
Will    +....                   G - +1 pair of boots
Stlth   ..........              K - amulet of reflection
HPRegen 0.21/turn               e - +4 ring of evasion
MPRegen 0.13/turn               E - +4 ring of evasion

@: no status effects
A: sickness immunity, AC +8, negative energy resistance 1, electricity
resistance, torment resistance 1, petrification resistance, no stealth,
inability to use devices, no hexes magic, no poison magic, no summoning magic,
clumsy 1, frail 1, noise suppression
a: Renounce Religion, Draw Out Power


You were on level 2 of the Lair of Beasts.
You worshipped Ru.
Ru was most pleased with you.
You visited 2 branches of the dungeon, and saw 13 of its levels.

You collected 717 gold pieces.
You spent 170 gold pieces at shops.


Innate Abilities, Weirdness & Mutations

You are immune to sickness and miasma.
Your stone body is resilient. (AC +8)
You are immune to poison.
You resist negative energy. (rN+)
You are resistant to electric shocks. (rElec)
You are resistant to unholy torment.
You are immune to petrification.
You cannot be stealthy.
You cannot study or use magical devices.
You cannot study or cast Hexes magic.
You cannot study or cast Poison magic.
You cannot study or cast Summoning magic.
You are clumsy. (Dex -2)
You are frail. (-10% HP)
You passively dampen the noise of your surroundings.


   Skills:
 + Level 10.6 Fighting
 - Level 16.5 Bows
 + Level 8.2 Dodging


You had 11 spell levels left.
You didn't know any spells.
Your spell library contained the following spells:

 Spells                   Type           Power      Damage    Failure   Level
 Beastly Appendage        Tmut           0%         N/A       32%         1
 Magic Dart               Conj           0%         1d3       32%         1
 Pain                     Necr           0%         1d4       32%         1
 Static Discharge         Conj/Air       0%         N/A       45%         2
 Passage of Golubria      Tloc           0%         N/A       97%         4
 Agony                    Necr           0%         N/A       100%        5
 Excruciating Wounds      Necr           0%         N/A       100%        5
 Summon Small Mammal      Summ           Unusable   N/A       N/A         1
 Dazzling Flash           Conj/Hex       Unusable   N/A       N/A         3
 Inner Flame              Hex/Fire       Unusable   N/A       N/A         3
 Tukima's Dance           Hex            Unusable   N/A       N/A         3
 Cause Fear               Hex            Unusable   N/A       N/A         4
 Yara's Violent Unravell  Hex/Tmut       Unusable   3d3       N/A         5
 Malign Gateway           Summ/Tloc      Unusable   N/A       N/A         7
 Discord                  Hex            Unusable   N/A       N/A         8
 Dragon's Call            Summ           Unusable   N/A       N/A         9

Inventory:

Hand Weapons
 a - a +2 shortbow of flaming (weapon)
Missiles
 c - 9 poisoned darts
 h - a boomerang of dispersal {=f!f}
 m - 10 boomerangs
 p - 240 stones
 v - 3 javelins
 J - a throwing net {=f!f}
Armour
 b - a +0 leather armour
   (You found it on level 3 of the Lair of Beasts)
 q - a +2 robe of willpower (worn)
   (You took it off a wight on level 6 of the Dungeon)
 w - a +1 leather armour of fire resistance
   (You took it off an orc on level 7 of the Dungeon)
 G - a +1 pair of boots (worn)
   (You found it on level 4 of the Dungeon)
 P - a +1 leather armour of willpower
   (You found it on level 3 of the Lair of Beasts)
 V - a +1 robe of positive energy
   (You took it off an orc wizard on level 9 of the Dungeon)
Jewellery
 e - a +4 ring of evasion (left hand)
   (You found it on level 9 of the Dungeon)
 k - a ring of willpower
   (You found it on level 7 of the Dungeon)
 C - a ring of protection from cold
   (You found it on level 3 of the Lair of Beasts)
 E - a +4 ring of evasion (right hand)
   (You found it on level 3 of the Dungeon)
 F - a ring of fire
   (You found it on level 5 of the Dungeon)
 K - an amulet of reflection (around neck)
   (You bought it in a shop on level 5 of the Dungeon)
 L - a ring of flight
   (You found it on level 4 of the Dungeon)
 R - a ring of resist corrosion
   (You found it on level 1 of the Dungeon)
 W - a ring of magical power
   (You found it on level 6 of the Dungeon)
Wands
 s - a wand of iceblast (14)
   (You found it on level 5 of the Dungeon)
 u - a wand of paralysis (6)
   (You found it on level 10 of the Dungeon)
 y - a wand of mindburst (11)
   (You found it on level 1 of the Lair of Beasts)
 B - a wand of flame (30)
   (You found it on level 4 of the Dungeon)
 I - a wand of polymorph (3)
   (You found it on level 2 of the Lair of Beasts)
Scrolls
 d - a scroll of enchant weapon
 f - 5 scrolls of vulnerability {!r!r}
 g - 3 scrolls of fear
 i - 3 scrolls of teleportation {@r4}
 j - a scroll of fog
 l - a scroll of noise {unknown}
 o - a scroll of silence {unknown}
 A - a scroll of amnesia
 N - 7 scrolls of identify {@r1}
 O - 2 scrolls of immolation {!r!r}
 S - 2 scrolls of torment {!r}
 U - a scroll of holy word {unknown}
Potions
 n - a potion of attraction {!q}
 t - 2 potions of brilliance {unknown}
 z - a potion of berserk rage {!q}
 H - a potion of flight {unknown}
 Q - 6 potions of curing {@q1}
 X - a potion of magic {unknown}

Dungeon Overview and Level Annotations

Branches:
Dungeon (10/15)            Temple (0/1) D:6            Lair (3/6) D:10
  Swamp: Lair:2-4    Shoals: Lair:2-4     Snake: Lair:2-4    Spider: Lair:2-4
    Orc: D:9-12

Altars:
Nemelex Xobeh
Okawaru
Ru
Sif Muna
Trog
Zin

Shops:
D:5 * D:7

[ ########### ##### #
##...P.#P#P#########.#.###
....P.....................
..........................
.......<..................
..........................
..........................
..........§.§.............
.........@§§§.............
..........§○°.............
....######.#§§........##.##
..... ##.........######
...... #......†..## ......#
#####..☼§○.....## ###
......P##..#.P.☼.○>.....###..
...............§§§...........
.............................


There were no monsters in sight!


Message History

Blink to where?
Press: ? - help, Dir - move target, p - elephant
As you read the scroll of blinking {!r}, it crumbles to dust. 😮 HP[+1] Really read
O - 3 scrolls of immolation {!r!r}?
Really read the scroll of immolation?
As you read the scroll of immolation {!r!r}, it crumbles to dust.
The creatures around you are filled with an inner flame!
Shoot: a) +2 shortbow (flame)
Press: ? - help, Q - select action, (/) - cycle Shift-Dir - straight line, f - elephant
Aim: an elephant (lightly wounded, inner flame, 92% to hit)
You shoot an arrow. The arrow hits the elephant.
Flame seeps out of the elephant.
The arrow burns the elephant.
Flame seeps out of the elephant.
The elephant is engulfed in blazing flames.
Flame seeps out of the elephant.
Shoot: a) +2 shortbow (flame)
Press: ? - help, Q - select action, (/) - cycle Shift-Dir - straight line, f/p - elephant
Aim: an elephant (lightly wounded, inner flame, 92% to hit)
You shoot an arrow.
The arrow hits the elephant but does no damage.
Shoot: a) +2 shortbow (flame)
Press: ? - help, Q - select action, (/) - cycle Shift-Dir - straight line, f/p - elephant
Aim: an elephant (lightly wounded, inner flame, 92% to hit)
You shoot an arrow. The arrow hits the elephant.
Flame seeps out of the elephant.
The arrow burns the elephant.
Flame seeps out of the elephant.
The elephant is engulfed in blazing flames.
Flame seeps out of the elephant. 😮 HP[+1] 😮 HP[+1] Shoot: a) +2 shortbow (flame)
Press: ? - help, Q - select action, (/) - cycle Shift-Dir - straight line, f - elephant, p - elephant
Aim: an elephant (almost dead, inner flame, 92% to hit)
Okay, then. 😮 HP[+1] Shoot: a) +2 shortbow (flame)
Press: ? - help, Q - select action, (/) - cycle Shift-Dir - straight line, f - elephant, p - elephant
Aim: an elephant (almost dead, inner flame, 92% to hit)
You shoot an arrow.
The arrow hits the elephant but does no damage.
Shoot: a) +2 shortbow (flame)
Press: ? - help, Q - select action, (/) - cycle Shift-Dir - straight line, f/p - elephant
Aim: an elephant (almost dead, inner flame, 92% to hit)
You shoot an arrow. The arrow hits the elephant!
The arrow burns the elephant.
The elephant explodes!
The fiery explosion engulfs the elephant!!
Flame seeps out of the elephant.
The elephant is engulfed in blazing flames.
Flame seeps out of the elephant.
The elephant barely misses you.
The elephant completely misses you. 😮 HP[+1]
You now have 71 max hp (+1).
You redirect the elephant's attack!
The elephant tramples itself.
Flame seeps out of the elephant.
The elephant trunk-slaps itself.
Flame seeps out of the elephant.
The elephant is engulfed in blazing flames.
Flame seeps out of the elephant. 😮 HP[+1] Shoot: a) +2 shortbow (flame)
Press: ? - help, Q - select action, (/) - cycle Shift-Dir - straight line, f - elephant
Aim: an elephant (severely wounded, inner flame, 92% to hit)
You shoot an arrow.
The arrow hits the elephant but does no damage.
The elephant is stunned by your conviction and fails to attack.
Shoot: a) +2 shortbow (flame)
Press: ? - help, Q - select action, (/) - cycle Shift-Dir - straight line, f - elephant, p - elephant
Aim: an elephant (severely wounded, inner flame, 92% to hit)
You shoot an arrow. The arrow hits the elephant.
Flame seeps out of the elephant.
The arrow burns the elephant.
Flame seeps out of the elephant.
The elephant is stunned by your conviction and fails to attack.
The elephant is engulfed in blazing flames.
Flame seeps out of the elephant.
You block the elephant's attack. The elephant closely misses you.
The elephant's inner flame fades away.
The elephant is engulfed in blazing flames. 😮 HP[+1] Shoot: a) +2 shortbow (flame)
Press: ? - help, Q - select action, (/) - cycle Shift-Dir - straight line, f/p - elephant
Aim: an elephant (severely wounded, inner flame, 92% to hit)
You shoot an arrow. The arrow hits the elephant.
Flame seeps out of the elephant.
The arrow burns the elephant.
Flame seeps out of the elephant.
The elephant is engulfed in blazing flames.
Flame seeps out of the elephant.
The elephant completely misses you. The elephant closely misses you. x2
The elephant trunk-slaps you but does no damage.
The elephant is engulfed in blazing flames.
The elephant explodes!
The fiery explosion engulfs the elephant!!!
The fiery explosion engulfs you!!
* * * LOW HITPOINT WARNING * * *
The fiery explosion engulfs the elephant!!!
The elephant explodes!
The fiery explosion engulfs the elephant!!!
You kill the elephant!
The fiery explosion engulfs you!!!
Ouch! That really hurt!
You die...

Skill      XL: |  1  2  3  4  5  6  7  8  9 10 11 12 |
---------------+-------------------------------------+-----
Bows           | 5 6 7 8 9 11 14 16 | 16.5
Dodging        | 5 8 |  8.2
Fighting       | 7 10 | 10.6
Stealth        | 0 |  0.0

Action                   |  1- 3 |  4- 6 |  7- 9 | 10-12 || total
-------------------------+-------+-------+-------+-------++-------
Melee: Shortbow          |       |       |    11 |       ||    11
 Fire: Shortbow          |    75 |   177 |   357 |  1038 ||  1647
Invok: Sacrifice Arcana  |       |       |       |     1 ||     1
       Sacrifice Artific |       |       |       |     1 ||     1
       Sacrifice Stealth |       |       |       |     1 ||     1
  Use: Potion            |       |     1 |     3 |     4 ||     8
       Scroll            |       |       |    10 |     6 ||    16
Armor: Leather armour    |    21 |    28 |    66 |    13 ||   128
       Skin              |       |       |       |    36 ||    36
       Robe              |       |       |       |    51 ||    51
Dodge: Dodged            |    29 |    70 |   165 |   260 ||   524
Block: Other             |       |       |    45 |    84 ||   129
       Reflection        |       |       |    14 |     2 ||    16

Levels and vault maps discovered:
D:1:      giann_horns, layout_basic, ebering_dispersal_statue_hall,
          minivault_23, solitary_fountain
D:2:      layout_basic, basic_altar, uniq_robin, uniq_natasha
D:3:      cheibrodos_pilgrimage, layout_loops_corners, uniq_terence
D:4:      layout_basic
D:5:      layout_rooms, serial_shops, nicolae_shop_overgrown_old_shop,
          kb_lookout_dungeons_type
D:6:      layout_loops_ring, minitemple, minmay_temple_entry_ruins, centaur_isle
D:7:      layout_basic, serial_shops, nicolae_shop_window_shopping, hex_tiny,
          minmay_misc_feat_iff
D:8:      layout_loops_cross
D:9:      layout_loops_ring, serial_glass, glass_columns_a, glass_columns_a
D:10:     layout_stronghold, dpeg_oklobed_lair, kennysheep_doodads
Lair:1:   layout_hall_layers, minivault_27, cheibrodos_lair_caveside_slide,
          minmay_stone_trees_small, kennysheep_rathole
Lair:2:   minmay_guarded_unrand_snakebite, layout_big_grid,
          minmay_shoals_entry_beasts, beast_lair_carwin_5
Lair:3:   hellmonk_destroyed_diamonds, layout_regular_city

Notes
Turn   | Place    | Note
-------+----------+-------------------------------------------
     0 | D:1      | esteth the Gargoyle Hunter began the quest for the Orb.
     0 | D:1      | Reached XP level 1. HP: 12/12 MP: 1/1
     0 | D:1      | magus.rc [v1.11.3]
   271 | D:1      | Reached XP level 2. HP: 17/17 MP: 2/2
   802 | D:2      | You add the spells Magic Dart, Static Discharge and
                  | Dazzling Flash to your library.
   802 | D:2      | Got the Tome of Combat Magic
   827 | D:2      | Reached XP level 3. HP: 21/21 MP: 3/3
   839 | D:2      | Noticed Robin
   841 | D:2      | Reached skill level 5 in Bows
   848 | D:2      | Killed Robin
   878 | D:2      | Reached XP level 4. HP: 9/26 MP: 4/4
  1169 | D:2      | Noticed Natasha
  1177 | D:2      | Killed Natasha
  1191 | D:2      | Reached skill level 6 in Bows
  1191 | D:2      | Noticed Natasha
  1199 | D:2      | HP: 2/26 [Natasha (8)]
  1202 | D:2      | Killed Natasha
  1203 | D:2      | Reached XP level 5. HP: 3/30 MP: 5/5
  1247 | D:2      | Noticed Natasha
  1251 | D:2      | Killed Natasha
  1606 | D:2      | Found a sparkling altar of Nemelex Xobeh.
  1818 | D:3      | Reached skill level 7 in Bows
  2042 | D:3      | Reached XP level 6. HP: 35/35 MP: 6/6
  2255 | D:3      | You pick up a book of Pain and begin reading...
  2255 | D:3      | You add the spells Pain, Agony and Excruciating Wounds to
                  | your library.
  2487 | D:3      | Noticed Terence
  2496 | D:3      | Killed Terence
  2900 | D:4      | Reached skill level 8 in Bows
  3149 | D:4      | Reached XP level 7. HP: 40/40 MP: 7/7
  3261 | D:4      | Reached skill level 9 in Bows
  4032 | D:5      | Entered Level 5 of the Dungeon
  4195 | D:5      | Found Sekis's Assorted Antiques.
  4209 | D:5      | Bought a dented cameo amulet for 170 gold pieces
  4258 | D:4      | HP: 10/40 [water moccasin (2)]
  4264 | D:4      | HP: 8/60 [water moccasin (5)]
  4269 | D:4      | HP: 5/60 [water moccasin (2)]
  4272 | D:4      | Reached XP level 8. HP: 6/44 MP: 8/8
  4654 | D:5      | Reached skill level 10 in Bows
  5109 | D:5      | Reached skill level 11 in Bows
  5462 | D:6      | Reached XP level 9. HP: 48/48 MP: 9/9
  5493 | D:6      | Found a glowing silver altar of Zin.
  5505 | D:6      | Found a bloodstained altar of Trog.
  5506 | D:6      | Found an iron altar of Okawaru.
  5506 | D:6      | Found a sparkling altar of Nemelex Xobeh.
  5507 | D:6      | Found a sacrificial altar of Ru.
  5511 | D:6      | Found a shimmering blue altar of Sif Muna.
  5515 | D:6      | Became a worshipper of Ru the Awakened
  5655 | D:6      | Reached skill level 12 in Bows
  5922 | D:6      | Found a staircase to the Ecumenical Temple.
  6783 | D:6      | Reached skill level 13 in Bows
  7286 | D:7      | Noticed a two-headed ogre
  7296 | D:7      | Killed a two-headed ogre
  7418 | D:6      | Reached skill level 14 in Bows
  7560 | D:7      | Reached XP level 10. HP: 52/53 MP: 10/10
  7783 | D:7      | Gained mutation: You cannot study or cast Poison magic. [Ru
                  | sacrifice]
  7783 | D:7      | Gained mutation: You cannot study or cast Hexes magic. [Ru
                  | sacrifice]
  7783 | D:7      | Gained mutation: You cannot study or cast Summoning magic.
                  | [Ru sacrifice]
  7783 | D:7      | Reached * piety under Ru
  7959 | D:7      | Found Regeyl's Antique Armour Shop.
  8003 | D:7      | You pick up a book of Hexes and begin reading...
  8622 | D:7      | Gained mutation: You sometimes lose the ability to read
                  | scrolls when taking damage. [potion of mutation]
  8622 | D:7      | Gained mutation: Your body sometimes deteriorates upon
                  | taking damage. [potion of mutation]
  8622 | D:7      | Gained mutation: You are frail. (-10% HP) [potion of
                  | mutation]
  8622 | D:7      | Gained mutation: You have hidden genetic potential. [potion
                  | of mutation]
  8830 | D:8      | Reached skill level 15 in Bows
  9029 | D:8      | Got Inomn's Guide on Supportive Transformation
  9454 | D:9      | Reached skill level 16 in Bows
  9879 | D:9      | Reached XP level 11. HP: 41/51 MP: 11/11
 10032 | D:9      | Identified the +0 ring mail "Polob" {Contam rN+ MP+9 Int+2}
 10279 | D:9      | Reached skill level 2 in Dodging
 10336 | D:9      | Reached skill level 3 in Fighting
 10476 | D:9      | Gained mutation: You cannot study or use magical devices.
                  | [Ru sacrifice]
 10476 | D:9      | Reached ** piety under Ru
 10476 | D:9      | Reached *** piety under Ru
 10598 | D:10     | Entered Level 10 of the Dungeon
 10636 | D:10     | Gained mutation: You passively dampen the noise of your
                  | surroundings. [hidden potential]
 10670 | D:10     | Reached skill level 4 in Fighting
 10670 | D:10     | Reached skill level 3 in Dodging
 10942 | D:10     | Noticed a two-headed ogre
 10967 | D:10     | Killed a two-headed ogre
 11180 | D:10     | Found a staircase to the Lair.
 11220 | D:10     | Reached skill level 5 in Fighting
 11432 | D:10     | Lost mutation: Your body sometimes deteriorates upon taking
                  | damage. [potion of mutation]
 11432 | D:10     | Lost mutation: You have hidden genetic potential. [potion
                  | of mutation]
 11432 | D:10     | Lost mutation: You sometimes lose the ability to read
                  | scrolls when taking damage. [potion of mutation]
 11432 | D:10     | Gained mutation: You are clumsy. (Dex -2) [potion of
                  | mutation]
 11732 | D:10     | Reached skill level 4 in Dodging
 11818 | D:10     | Reached skill level 6 in Fighting
 12094 | Lair:1   | Entered Level 1 of the Lair of Beasts
 12257 | Lair:1   | Reached skill level 5 in Dodging
 12397 | Lair:1   | Reached skill level 7 in Fighting
 12485 | Lair:1   | Identified the +0 scale mail of Fifiuck {rPois Will+}
 12673 | Lair:1   | Reached XP level 12. HP: 65/65 MP: 12/12
 12794 | Lair:1   | Reached skill level 8 in Fighting
 12794 | Lair:1   | Reached skill level 6 in Dodging
 13122 | Lair:1   | Gained mutation: You cannot be stealthy. [Ru sacrifice]
 13122 | Lair:1   | Reduced skill Stealth to level 0
 13333 | Lair:2   | Noticed a boulder beetle
 13354 | Lair:2   | Killed a boulder beetle
 13516 | Lair:3   | Reached skill level 9 in Fighting
 13686 | Lair:3   | Reached skill level 7 in Dodging
 14403 | Lair:2   | Reached skill level 10 in Fighting
 14659 | Lair:2   | Reached skill level 8 in Dodging
 14843 | Lair:2   | Killed by an exploding elephant... ignited by their inner
                  | flame

Vanquished Creatures
  A boulder beetle (Lair:2)
  2 two-headed ogres
  A black mamba (Lair:2)
  9 elephants
  7 cane toads
  A rime drake (Lair:1)
  5 komodo dragons
  A troll (D:10)
  A polar bear (Lair:3)
  2 hornets
  5 blink frogs (Lair:1)
  A meliai zombie (D:10)
  A shadow (D:10)
  36 yaks
  4 basilisks
  8 water moccasins
  4 orc warriors
  A sky beast (D:5)
  An ice beast (D:7)
  2 ogres
  11 centaurs
  5 phantoms
  2 wyvern zombies (D:7)
  11 bullfrogs
  2 gnoll sergeants
  A scorpion (D:5)
  14 wights
  2 howler monkeys
  A bullfrog zombie (D:6)
  3 centaur zombies
  A bullfrog skeleton (D:5)
  4 orc priests
  5 hounds
  A centaur skeleton (D:5)
  7 orc wizards
  Terence (D:3)
  A scorpion zombie (D:5)
  Natasha (thrice) (D:2)
  9 hell rats
  3 hound skeletons
  Robin (D:2)
  15 gnolls
  2 howler monkey skeletons
  7 adders
  9 river rats (Lair:1)
  A shadow imp (D:6)
  An ufetubus (D:7)
  An adder skeleton (D:4)
  A worm (D:3)
  A dart slug (D:5)
  44 orcs
  2 endoplasms (D:1)
  A giant cockroach (D:1)
  12 hobgoblins
  3 quokkas
  5 ball pythons
  4 bats
  3 frilled lizards (D:1)
  16 goblins
  7 kobolds
  3 rats
319 creatures vanquished.

Vanquished Creatures (others)
  A cane toad (Lair:1)
  A fungus (Lair:3)
  9 plants
11 creatures vanquished.

Grand Total: 330 creatures vanquished

Table legend:
 A = Non-vault XP
 B = Vault XP
 C = Vault XP percentage of total XP
 D = Non-vault monster count
 E = Vault monster count
 F = Vault count percentage of total count
                 A         B        C        D         E       F
            +---------+---------+-------+---------+---------+-------
      Total |   30542 |    1185 |   3.7 |     280 |      40 |  12.5
            +---------+---------+-------+---------+---------+-------
        D:1 |      27 |       0 |   0.0 |      19 |       0 |   0.0
        D:2 |     117 |      71 |  37.8 |      17 |      13 |  43.3
        D:3 |      93 |     133 |  58.8 |      19 |       8 |  29.6
        D:4 |     743 |       0 |   0.0 |      20 |       0 |   0.0
        D:5 |     847 |     115 |  12.0 |      22 |       1 |   4.3
        D:6 |     869 |     682 |  44.0 |      20 |       6 |  23.1
        D:7 |    1905 |       0 |   0.0 |      29 |       0 |   0.0
        D:8 |    2152 |       0 |   0.0 |      20 |       0 |   0.0
        D:9 |    2295 |       0 |   0.0 |      26 |       0 |   0.0
       D:10 |    4679 |       0 |   0.0 |      23 |       0 |   0.0
     Lair:1 |    5635 |     184 |   3.2 |      23 |      12 |  34.3
     Lair:2 |    7291 |       0 |   0.0 |      26 |       0 |   0.0
     Lair:3 |    3889 |       0 |   0.0 |      16 |       0 |   0.0
            +---------+---------+-------+---------+---------+-------

Illustrated notes

Table legend:
 A = Kills in this place as a percentage of kills in entire the game.
 B = Kills by you in this place as a percentage of kills by you in the entire game.
 C = Kills by friends in this place as a percentage of kills by friends in the entire game.
 D = Other kills in this place as a percentage of other kills in the entire game.
 E = Experience gained in this place as a percentage of experience gained in the entire game.
 F = Experience gained in this place divided by the number of levels of this place that you have seen.
                   A       B       C       D       E      F
               +-------+-------+-------+-------+-------+----------------------
         Total | 100.0 | 100.0 |   N/A | 100.0 | 100.0 | 2440.5
       Dungeon |  75.9 |  76.2 |   N/A |   0.0 |  46.4 | 1472.8
          Lair |  24.1 |  23.8 |   N/A | 100.0 |  53.6 | 5666.3
               +-------+-------+-------+-------+-------+----------------------

Table legend: (Time is in decaauts)
 A = Elapsed time spent in this place.
 B = Non-inter-level travel time spent in this place.
 C = Inter-level travel time spent in this place.
 D = Time resting spent in this place.
 E = Time spent auto-exploring this place.
 F = Levels seen in this place.
 G = Mean time per level.
                   A        B        C        D        E       F      G
               +--------+--------+--------+--------+--------+-----+--------+
         Total |  14605 |  14423 |    182 |   2036 |  10068 |  13 | 1123.5 |
       Dungeon |  12020 |  11905 |    115 |   1854 |   8307 |  10 | 1202.0 |
          Lair |   2585 |   2518 |     67 |    181 |   1761 |   3 |  861.7 |
               +--------+--------+--------+--------+--------+-----+--------+

Top non-repeatable levels by time:
     D:6: 2072 daAuts
     D:4: 1723 daAuts
    D:10: 1445 daAuts
     D:3: 1211 daAuts
     D:7: 1192 daAuts
     D:9: 1144 daAuts
  Lair:1: 1095 daAuts
     D:2: 884 daAuts
  Lair:3: 802 daAuts
     D:1: 790 daAuts
     D:5: 789 daAuts
     D:8: 765 daAuts
  Lair:2: 686 daAuts
